 Dungeon Crawl Stone Soup version 0.26-a0-451-gacbe401039 (webtiles) character file.

Game seed: 14508378425965830699

639 Misa the Covered (level 7, -6/44 HPs)
             Began as a Gargoyle Fighter on July 28, 2020.
             Mangled by an orc warrior
             ... wielding a +0 trident
              (16 damage)
             ... on level 3 of the Dungeon.
             The game lasted 00:08:05 (3854 turns).

Misa the Covered (Gargoyle Fighter)                 Turns: 3854, Time: 00:08:06

Health: -6/44      AC: 14    Str: 21    XL:     7   Next: 51%
Magic:  7/7        EV: 11    Int:  9    God:
Gold:   152        SH: 10    Dex:  9    Spells: 6/6 levels left

rFire    . . .     SeeInvis +   n - +0 morningstar
rCold    . . .     Faith    .   c - +0 kite shield
rNeg     + . .     Spirit   .   b - +0 scale mail
rPois    ∞         Reflect  .   (no helmet)
rElec    +         Harm     .   (no cloak)
rCorr    .                      (no gloves)
MR       .....                  a - +1 pair of boots
Stlth    ..........             (no amulet)
HPRegen  0.14/turn              h - ring of see invisible
MPRegen  0.10/turn              s - +4 ring of evasion

@: no status effects
A: negative energy resistance 1, electricity resistance, unbreathing,
petrification resistance, rot immunity, AC +4
a: no special abilities


You were on level 3 of the Dungeon.
You visited 1 branch of the dungeon, and saw 4 of its levels.

You collected 152 gold pieces.

Inventory:

Hand Weapons
 n - a +0 morningstar (weapon)
Missiles
 i - 36 poisoned darts (quivered)
Armour
 a - a +1 pair of boots (worn)
 b - a +0 scale mail (worn)
 c - a +0 kite shield (worn)
Jewellery
 h - a ring of see invisible (left hand)
 s - a +4 ring of evasion (right hand)
Wands
 j - a wand of disintegration (12)
 o - a wand of iceblast (8)
Scrolls
 e - 4 scrolls of teleportation {unknown}
 f - a scroll of amnesia {unknown}
 g - a scroll of random uselessness {unknown}
 k - a scroll of immolation {unknown}
 p - a scroll of remove curse {unknown}
 r - a scroll of blinking {unknown}
 v - a scroll of identify {unknown}
Potions
 d - a potion of might
 l - 4 potions of lignification {unknown}
 m - a potion of curing {unknown}
 q - 2 potions of flight {unknown}
 t - a potion of mutation {unknown}
 u - a potion of heal wounds {unknown}


   Skills:
 + Level 5.4 Fighting
 + Level 4.4 Maces & Flails
 + Level 5.4 Armour
 + Level 5.3 Shields


You had 6 spell levels left.
You didn't know any spells.
Your spell library was empty.

Dungeon Overview and Level Annotations

Branches:
Dungeon (4/15)
 Temple: D:4-7

Altars:
Qazlal
Yredelemnul


Innate Abilities, Weirdness & Mutations

You are resistant to torment.
Your stone body is resilient. (AC +4)
You are immune to poison.
You resist negative energy. (rN+)
You are resistant to electric shocks. (rElec)
You can survive without breathing.
You are immune to petrification.
You are immune to rotting.


Message History

The orc warrior hits you with a +0 trident!
* * * LOW HITPOINT WARNING * * *
You are too injured to fight recklessly!
You are too injured to fight recklessly!
You are too injured to fight recklessly!
You are too injured to fight recklessly!
You are too injured to fight recklessly!
You are too injured to fight recklessly!
You are too injured to fight recklessly!
You are too injured to fight recklessly!
You are too injured to fight recklessly!
You are too injured to fight recklessly!
You are too injured to fight recklessly!
You are too injured to fight recklessly!
You are too injured to fight recklessly!
You are too injured to fight recklessly!
You are too injured to fight recklessly!
You are too injured to fight recklessly!
The orc warrior hits you from afar with a +0 trident!
You die...

#.# #..# #.#
#..######## #.#
#.[........ #.#
#.####.##.# #.#
#†# #.##.# #.# #.#
#.##.#
###.####.####.##.#
#..o...)......##.#
#@##############.#
#.# ###.# #.#
#...# #.# #.##.
#.# #..(. #.#
#.##. #.# #.###
#.# #.### #.#
#....


You could see an orc warrior.

Vanquished Creatures
  A human (D:2)
  An ogre (D:4)
  A howler monkey (D:4)
  An orc priest (D:3)
  2 orc wizards (D:4)
  3 iguanas
  3 worker ants (D:4)
  6 adders
  An ooze (D:3)
  A worm (D:2)
  3 dart slugs
  3 leopard geckos (D:1)
  5 orcs
  2 giant cockroaches (D:3)
  11 hobgoblins
  6 jackals (D:1)
  3 quokkas
  7 bats
  5 frilled lizards
  6 goblins
  A jackal skeleton (D:2)
  10 kobolds
  A quokka skeleton (D:4)
  4 rats
87 creatures vanquished.

Vanquished Creatures (others)
  A leopard gecko (D:2)
  A hobgoblin (D:2)
  A ball python (D:2)
3 creatures vanquished.

Grand Total: 90 creatures vanquished

Notes
Turn   | Place    | Note
-------+----------+-------------------------------------------
     0 | D:1      | Misa the Gargoyle Fighter began the quest for the Orb.
     0 | D:1      | Reached XP level 1. HP: 14/14 MP: 1/1
   113 | D:1      | Reached XP level 2. HP: 18/19 MP: 2/2
   595 | D:1      | Reached XP level 3. HP: 21/23 MP: 3/3
  1166 | D:2      | Found a faded altar of an unknown god.
  1211 | D:2      | Reached XP level 4. HP: 27/29 MP: 4/4
  1425 | D:2      | Found a runed translucent door.
  1425 | D:2      | Noticed a human
  1443 | D:2      | Found a basalt altar of Yredelemnul.
  2008 | D:3      | Reached XP level 5. HP: 29/33 MP: 5/5
  2280 | D:3      | Noticed an orc warrior
  2576 | D:2      | Killed a human
  2576 | D:2      | Reached XP level 6. HP: 32/39 MP: 6/6
  3016 | D:3      | Found a stormy altar of Qazlal.
  3018 | D:3      | Noticed a fire elemental
  3019 | D:3      | Noticed an air elemental
  3019 | D:3      | Noticed a water elemental
  3371 | D:4      | Reached skill level 5 in Fighting
  3376 | D:4      | Reached skill level 5 in Armour
  3376 | D:4      | Reached skill level 5 in Shields
  3376 | D:4      | Reached XP level 7. HP: 34/44 MP: 7/7
  3854 | D:3      | Mangled by an orc warrior

Illustrated notes

Levels and vault maps discovered:
D:1:      onia_arrival_mini_spirals, layout_basic
D:2:      layout_basic, chequers_ecumenical_altar_simple_redux,
          dk_yredelemnul_ordeal
D:3:      layout_loops_ring, nicolae_qazlal_style_of_elements
D:4:      layout_basic, gammafunk_temple_overflow_claw

Skill      XL: |  1  2  3  4  5  6 |
---------------+-------------------+-----
Fighting       | 4 5 |  5.4
Armour         | 4 5 |  5.4
Maces & Flails | 3 4 |  4.4
Shields        | 4 5 |  5.3

Action                   |  1- 3 |  4- 6 |  7- 9 || total
-------------------------+-------+-------+-------++-------
Melee: Flail             |   168 |    72 |       ||   240
       Morningstar       |       |   163 |    46 ||   209
Armor: Scale mail        |    89 |   151 |     7 ||   247
Dodge: Dodged            |    63 |   107 |    20 ||   190
Block: Kite shield       |    98 |   150 |    16 ||   264

Table legend: (Time is in decaauts)
 A = Elapsed time spent in this place.
 B = Non-inter-level travel time spent in this place.
 C = Inter-level travel time spent in this place.
 D = Time resting spent in this place.
 E = Time spent auto-exploring this place.
 F = Levels seen in this place.
 G = Mean time per level.
                   A        B        C        D        E       F      G
               +--------+--------+--------+--------+--------+-----+--------+
         Total |   4023 |   3859 |    164 |    648 |   2016 |   4 | 1005.8 |
       Dungeon |   4023 |   3859 |    164 |    648 |   2016 |   4 | 1005.8 |
               +--------+--------+--------+--------+--------+-----+--------+

Top non-repeatable levels by time:
     D:3: 1143 daAuts
     D:2: 1128 daAuts
     D:1: 1039 daAuts
     D:4: 711 daAuts
